 Dungeon Crawl Stone Soup version 0.30-a0-778-g2ef04afb54 (webtiles) character file.

Game seed: 8289947238043477932

2 Monkooky the Charlatan (level 1, -2/9 HPs)
             Began as a Vine Stalker Artificer on Feb 15, 2023.
             Frozen to death by an endoplasm (4 damage)
             ... on level 1 of the Dungeon.
             The game lasted 00:00:17 (91 turns).

Monkooky the Charlatan (Vine Stalker Artificer)       Turns: 91, Time: 00:00:18

Health: -2/9       AC:  3    Str: 14    XL:     1   Next: 30%
Magic:  0/2        EV: 11    Int: 11    God:
Gold:   9          SH:  0    Dex: 14    Spells: 0/0 levels left

rFire   . . .      SeeInvis .    a - +0 club
rCold   . . .      Faith    .    (no shield)
rNeg    . . .      Spirit   +    b - +0 leather armour
rPois   .          Reflect  .    (no helmet)
rElec   .          Harm     .    (no cloak)
rCorr   .          Rampage  .    (no gloves)
Will    .....                    (no boots)
Stlth   ++                       (no amulet)
HPRegen 0.21/turn                (no ring)
MPRegen 0.08/turn                (no ring)

@: no status effects
A: fangs 2, magic shield, antimagic bite, no potion heal 2
a: no special abilities


You were on level 1 of the Dungeon.
You visited 1 branch of the dungeon, and saw 1 of its levels.

You collected 9 gold pieces.

Inventory:

Hand Weapons
 a - a +0 club (weapon)
Armour
 b - a +0 leather armour (worn)
Wands
 c - a wand of flame (15) (quivered)
 d - a wand of charming (15)
 e - a wand of iceblast (5)
Scrolls
 f - a scroll of amnesia {unknown}


   Skills:
 + Level 0.9 Fighting
 + Level 1.6 Armour
 + Level 0.8 Dodging
 + Level 1.3 Stealth
 + Level 2.7 Evocations


You couldn't memorise any spells.
You didn't know any spells.
Your spell library was empty.

Dungeon Overview and Level Annotations

Branches:
Dungeon (1/15)

Altars:


Innate Abilities, Weirdness & Mutations

You have extremely sharp teeth.
When hurt, damage is shared between your health and your magic reserves.
Your bite disrupts and absorbs the magic of your enemies.
Potions cannot restore your health.


Message History

You open the large door.
A ball python comes into view.
Found a scroll labelled KEERHUM SINTUT.
There is a large open door here.
Found 9 gold pieces.
There is a large open door here.
Found an escape hatch in the floor.
The helpless ball python fails to defend itself.
You hit the ball python.
You kill the ball python!
f - a scroll labelled KEERHUM SINTUT You now have 9 gold pieces.
There is a large open door here.
There is a large open door here.
A goblin comes into view. It is wielding a +0 club.
The goblin shouts!
A goblin is nearby!
A quokka comes into view.
An endoplasm comes into view.
The goblin hits you with a +0 club.
You hit the goblin but do no damage. The goblin hits you but does no damage.
You closely miss the goblin. You bite the goblin, but do no damage.
The goblin hits you but does no damage.
You closely miss the goblin. Your bite misses the goblin.
The goblin barely misses you. The goblin hits you with a +0 club.
You closely miss the goblin. The goblin hits you with a +0 club.
The endoplasm freezes you.
You are frozen.
You hit the goblin.
You kill the goblin!
The endoplasm freezes you.
You are frozen.
* * * LOW HITPOINT WARNING * * *
An endoplasm is nearby!
You are too injured to fight recklessly!
You hit the endoplasm.
The endoplasm is severely wounded.
The endoplasm freezes you.
You are frozen.
You die...

#.......†.# #.........#
#.........# #.........#
# #.........#
#.############'#######
+..........###'##
#....)..........#
#....J@.........#
#...............#
#...............#
#..........###.######
#..........# #.##...#
#..........# #.##...#
.......###### #.##...##
.......########.......##
......+............#..#


You could see an endoplasm.

Vanquished Creatures
  A goblin (D:1)
  A ball python (D:1)
2 creatures vanquished.

Notes
Turn   | Place    | Note
-------+----------+-------------------------------------------
     0 | D:1      | Monkooky the Vine Stalker Artificer began the quest for the
                  | Orb.
     0 | D:1      | Reached XP level 1. HP: 9/9 MP: 2/2
    91 | D:1      | Frozen to death by an endoplasm

Illustrated notes

Levels and vault maps discovered:
D:1:      dpeg_arrival_round_b, layout_basic, nicolae_ecumenical_snake_handling

Action                     || total
---------------------------++-------
  Melee: Club              ||     7
         Bite              ||     1
   Stab: Sleeping          ||     1
 Armour: Leather armour    ||     2
  Dodge: Dodged            ||     1

Table legend: (Time is in decaauts)
 A = Elapsed time spent in this place.
 B = Non-inter-level travel time spent in this place.
 C = Inter-level travel time spent in this place.
 D = Time resting spent in this place.
 E = Time spent auto-exploring this place.
 F = Levels seen in this place.
 G = Mean time per level.
                   A        B        C        D        E       F      G
               +--------+--------+--------+--------+--------+-----+--------+
         Total |     92 |     92 |      0 |      0 |     74 |   1 |   92.0 |
       Dungeon |     92 |     92 |      0 |      0 |     74 |   1 |   92.0 |
               +--------+--------+--------+--------+--------+-----+--------+

Top non-repeatable levels by time:
     D:1: 92 daAuts
